 Dungeon Crawl Stone Soup version 0.16-a0-4113-g7d8e295 (webtiles) character file.

435 dysrexia the Scratcher (level 6, -2/25 HPs)
             Began as a Felid Transmuter on Feb 28, 2015.
             Slain by a gnoll sergeant
             ... wielding a +0 spear
              (13 damage)
             ... on level 5 of the Dungeon.
             The game lasted 00:28:04 (5686 turns).

dysrexia the Scratcher (Felid Transmuter)           Turns: 5686, Time: 00:28:04

Health: -2/25      AC:  2    Str:  6    XL:     6   Next: 68%
Magic:  14/14      EV: 18    Int: 17    God:
Gold:   218        SH:  0    Dex: 16    Spells: 3 memorised, 3 levels left
                                        Lives:  0   Deaths: 1

rFire  . . .     SeeInvis +       - Unarmed
rCold  . . .     Clarity  .     (armour unavailable)
rNeg   . . .     SustAb   .     (shield unavailable)
rPois  .         Gourm    .     (helmet unavailable)
rElec  .         Spirit   .     (cloak unavailable)
rCorr  .         Warding  .     (gloves unavailable)
rMut   .         Stasis   .     (boots unavailable)
MR     .....                    (no amulet)
Stlth  +++.......               (no ring)
                                (no ring)

@: appendage, quick, not resistant to hostile enchantments, fairly stealthy
A: paw claws, no armour, no weapons or thrown items, fangs 3, horns 2, see
invisible, carnivore 3, speed 1, shaggy fur 2, slow metabolism 1, sharp paws
a: End Transformation


You were on level 5 of the Dungeon.
You were very full.
You had grown temporary horns.
You visited 1 branch of the dungeon, and saw 5 of its levels.

You collected 218 gold pieces.

Inventory:

Missiles
 b - 6 arrows
Jewellery
 j - an uncursed ring of see invisible
 l - an uncursed amulet of the gourmand
Scrolls
 c - a scroll of immolation
 e - a scroll of teleportation
 g - 3 scrolls of remove curse
 i - a scroll of magic mapping
 q - 2 scrolls of recharging
 r - 5 scrolls of identify {unknown}
Potions
 f - a potion of beneficial mutation {unknown}
 h - 2 potions of cure mutation {unknown}
 k - a potion of heal wounds {unknown}
 m - a potion of poison {unknown}
 n - a potion of resistance {unknown}
 o - a potion of berserk rage {unknown}
 p - a potion of flight {unknown}
Books
 d - a book of Changes

   Spells                             Type                      Level
   a - Beastly Appendage              Transmutation                1
   b - Sticks to Snakes               Transmutation                2
   c - Spider Form                    Transmutation/Poison         3
   d - Ice Form                       Ice/Transmutation            4
   e - Blade Hands                    Transmutation                5
Comestibles
 a - 3 meat rations
 s - 6 chunks of flesh


   Skills:
 - Level 1.0 Fighting
 - Level 2.6 Dodging
 - Level 4.1 Stealth
 - Level 6.3 Unarmed Combat
 - Level 2.0 Spellcasting
 + Level 3.7 Transmutations
 + Level 1.2 Poison Magic


You had 3 spell levels left.
You knew the following spells:

 Your Spells              Type           Power        Failure   Level  Hunger
a - Beastly Appendage     Trmt           ##....       4%          1    #......
b - Sticks to Snakes      Trmt           ##........   10%         2    ###....
c - Spider Form           Trmt/Pois      ##........   21%         3    ###....


Dungeon Overview and Level Annotations

Branches:
Dungeon (5/15)
 Temple: D:4-7

Altars:
Gozag
Nemelex Xobeh

Annotations:
D:2 Sigmund
D:4 Spolavi's ghost, average DENe


Innate Abilities, Weirdness & Mutations

You cannot wear armour.
You are incapable of wielding weapons or throwing items.
You have razor-sharp teeth.
You have supernaturally acute eyesight.
You are carnivorous and can eat meat at any time.
You cover ground quickly.
You are covered in thick fur (AC +2).
You have a slow metabolism.
Your paws have sharp claws that are effective at stabbing.
You have a pair of horns on your head.


Message History

You scratch the gnoll sergeant but do no damage.
The gnoll sergeant is lightly wounded.
The gnoll sergeant closely misses you.
You claw the gnoll sergeant!
The gnoll sergeant is heavily wounded.
The gnoll sergeant closely misses you.
You scratch the gnoll sergeant.
The gnoll sergeant is heavily wounded.
The gnoll sergeant barely misses you.
You barely miss the gnoll sergeant. You headbutt the gnoll sergeant.
The gnoll sergeant is severely wounded.
You scratch the gnoll sergeant but do no damage.
The gnoll sergeant is severely wounded.
The gnoll sergeant completely misses you.
You scratch the gnoll sergeant.
You bite the gnoll sergeant, but do no damage.
The gnoll sergeant is severely wounded.
The gnoll sergeant hits you with a spear!
Ouch! That really hurt!
You die...

#..# #..########
##.# #..# #.# #..#
##.###..#
###...##..####
.............#####
.##...###........#
.###...##.##.###.#
.###....#.##.# #@#
..........##.# #g#
.###....####<# #.#
.# #....<.##.# #.#
.########.##.###.#
.................#
#########.########
#### #.#
#..######.#


You could see a gnoll sergeant (bleeding).

Vanquished Creatures
  The ghost of Speissi the Skirmisher, an average DsCK of Xom (D:3)
  An orc priest (D:4)
  2 orc wizards
  A giant frog skeleton (D:5)
  An iguana (D:4)
  2 worker ants (D:4)
  Ijyb (D:2)
  A hound skeleton (D:4)
  3 gnolls (D:5)
  2 adders
  2 giant mites
  3 worms
  An ooze (D:2)
  6 orcs
  5 giant cockroaches
  7 goblins
  16 hobgoblins
  5 jackals
  6 kobolds
  A ball python (D:1)
  13 bats
  4 giant geckos
  3 giant newts
  A jackal skeleton (D:4)
  4 quokkas
  14 rats
106 creatures vanquished.

Vanquished Creatures (collateral kills)
  A goliath beetle (D:3)
  An orc wizard (D:4)
  2 orcs (D:4)
  A hobgoblin (D:2)
  A rat (D:2)
6 creatures vanquished.

Grand Total: 112 creatures vanquished

Notes
Turn   | Place    | Note
--------------------------------------------------------------
     0 | D:1      | dysrexia, the Felid Transmuter, began the quest for the Orb.
     0 | D:1      | Reached XP level 1. HP: 9/9 MP: 4/4
   303 | D:1      | Reached XP level 2. HP: 12/12 MP: 5/5
   592 | D:1      | Reached skill level 4 in Unarmed Combat
   623 | D:1      | Reached XP level 3. HP: 5/15 MP: 8/8
  1360 | D:2      | Noticed Ijyb
  1361 | D:2      | Found a sparkling altar of Nemelex Xobeh.
  1385 | D:2      | Killed Ijyb
  1692 | D:2      | Noticed Sigmund
  1909 | D:2      | Reached XP level 4. HP: 7/19 MP: 8/10
  2187 | D:2      | Learned a level 2 spell: Sticks to Snakes
  2699 | D:3      | Mangled by a goliath beetle
  2700 | D:3      | Reached XP level 3. HP: -9/15 MP: 3/8
  2732 | D:3      | Noticed Speissi's ghost (average DsCK)
  2803 | D:3      | Killed Speissi's ghost
  2803 | D:3      | Reached skill level 5 in Unarmed Combat
  2803 | D:3      | Reached XP level 4. HP: 19/19 MP: 3/10
  3142 | D:3      | Reached XP level 5. HP: 22/22 MP: 10/12
  3695 | D:4      | Noticed Spolavi's ghost (average DENe)
  3771 | D:4      | Noticed an ogre
  4357 | D:3      | Reached skill level 6 in Unarmed Combat
  4519 | D:4      | Gained mutation: You are covered in thick fur (AC +2). [growing up]
  4519 | D:4      | Reached XP level 6. HP: 25/25 MP: 0/14
  5195 | D:5      | Entered Level 5 of the Dungeon
  5275 | D:5      | Learned a level 3 spell: Spider Form
  5398 | D:5      | Found an opulent altar of Gozag.
  5524 | D:5      | Reached skill level 1 in Poison Magic
  5686 | D:5      | Slain by a gnoll sergeant

Action                   |  1- 3 |  4- 6 || total
-------------------------+-------+-------++-------
Melee: Unarmed           |   138 |   176 ||   314
 Cast: Beastly Appendage |    10 |    25 ||    35
       Sticks to Snakes  |     3 |    43 ||    46
  Use: Scroll            |     6 |     4 ||    10
       Potion            |       |     2 ||     2
 Stab: Sleeping          |     1 |     8 ||     9
       Distracted        |       |     1 ||     1
  Eat: Chunk             |     9 |    17 ||    26
